Description

Cheese PVZ proposé par la chaine Ogaming TV

VOD

https://youtu.be/JZLYnAVbd1Y?t=31m47s

Build Order

Get SALT Encoding   

  14  0:20  Pylon  
  16  0:40  Forge  
  17  0:52  Pylon  proxy + vol gaz
  18  1:11  Gateway  
  18  1:18  Photon Cannon  
  19  1:59  Assimilator x2  
  21  2:05  Photon Cannon x2  
  22  2:30  Cybernetics Core  
  23  2:40  Photon Cannon  
  24  2:50  Pylon  proxy
  24  3:05  Shield Battery  
  24  3:10  Stalker (Chrono Boost)  
  26  3:27  Robotics Facility  
Spawning Tool Build Advisor. Get it on Overwolf

Go to:

Details

  • Created by: shaltarus
  • Published on: Apr 14, 2018
  • Modified on: Apr 14, 2018
  • Patch: 4.0.0
Show
View Real Time Build Order
Export as new Build Order

Comments (0)

There are no comments. Be the first!

Create an account to comment!